 Dungeon Crawl Stone Soup version 0.21.1-1-g345015f (webtiles) character file.

84 inc the Conjurer (level 4, 18/18 HPs)
             Began as a Felid Wizard on Mar 3, 2018.
             Quit the game on level 5 of the Dungeon.
             The game lasted 00:06:55 (4009 turns).

inc the Conjurer (Felid Wizard)                     Turns: 4009, Time: 00:06:55

Health: 18/18      AC:  1    Str:  3    XL:     4   Next: 23%
Magic:  9/9        EV: 18    Int: 20    God:
Gold:   144        SH:  0    Dex: 15    Spells: 5/9 levels left
                                        Lives:  0   Deaths: 1

rFire    . . .     SeeInvis +   (weapon unavailable)
rCold    . . .     Gourm    .   (shield unavailable)
rNeg     . . .     Faith    .   (armour unavailable)
rPois    .         Spirit   .   (helmet unavailable)
rElec    .         Reflect  .   (cloak unavailable)
rCorr    .         Harm     .   (gloves unavailable)
MR       .....                  (boots unavailable)
Stlth    +++.......             (no amulet)
HPRegen  0.06/turn              (no ring)
MPRegen  0.11/turn              (no ring)

@: quick
A: very small, no armour, no weapons or thrown items, stealth, claws 1, fangs 3,
see invisible, carnivore, speed 1, shaggy fur 1, slow metabolism 1, sharp paws
a: no special abilities


You were on level 5 of the Dungeon.
You were not hungry.

You visited 1 branch of the dungeon, and saw 5 of its levels.

You collected 144 gold pieces.

Inventory:

Jewellery
 c - a cursed +4 ring of dexterity {unknown}
 d - an uncursed ring of flight {unknown}
 l - a +3 ring of dexterity {unknown}
Scrolls
 e - a scroll of remove curse
 h - a scroll of immolation {unknown}
 i - a scroll of fog {unknown}
 n - a scroll of amnesia
 o - a scroll of blinking {unknown}
 p - a scroll of teleportation {unknown}
Potions
 f - 6 potions of curing {unknown}
 j - 2 potions of flight {unknown}
 k - 2 potions of lignification {unknown}
 m - a potion of magic {unknown}
Books
 a - a book of Minor Magic

   Spells                             Type                      Level
   a - Magic Dart                     Conjuration                  1
   b - Blink                          Translocation                2
   c - Call Imp                       Summoning                    2
   d - Slow                           Hexes                        2
   e - Conjure Flame                  Conjuration/Fire             3
   f - Mephitic Cloud                 Conjuration/Poison/Air       3
Comestibles
 b - 5 rations


   Skills:
 - Level 2.6 Dodging
 - Level 2.6 Stealth
 + Level 3.0 Spellcasting
 - Level 4.7 Conjurations
   Level 1.0 Summonings
   Level 1.5 Translocations


You had 5 spell levels left.
You knew the following spells:

 Your Spells              Type           Power        Failure   Level  Hunger
a - Magic Dart            Conj           ###.         1%          1    None
b - Mephitic Cloud        Conj/Pois/Air  #.......     22%         3    ###....


Dungeon Overview and Level Annotations

Branches:
Dungeon (5/15)             Temple (0/1) D:5

Altars:
Elyvilon
Ru
Trog

Annotations:
D:3 lyrx's ghost, amateur SpEn


Innate Abilities, Weirdness & Mutations

You cannot wear armour.
You are incapable of wielding weapons or throwing items.
Your paws allow you to move quietly. (Stealth)
You have sharp claws.
You have razor-sharp teeth.
You have supernaturally acute eyesight. (SInv)
You are carnivorous and can eat meat at any time.
You cover ground quickly.
You are covered in fur. (AC +1)
You have a slow metabolism.
Your sharp claws are effective at attacking unaware monsters.


Message History

Confirm with . or Enter, or press ? or * to list all spells.
Okay, then.
The centaur shouts!
The centaur wields a shortbow.
The centaur shoots an arrow.
The arrow hits you!
You see here an arrow.
Casting: Magic Dart
Confirm with . or Enter, or press ? or * to list all spells.
You can't see any susceptible monsters within range! (Use Z to cast anyway.) Unknown command.
The centaur shoots an arrow.
The arrow completely misses you.
You see here an arrow.
The centaur shoots an arrow.
The arrow hits you!
* * * LOW HITPOINT WARNING * * *
The centaur shoots an arrow.
The arrow hits you.
You die...
You are now level 4!
You rejoin the land of the living...
Are you sure you want to abandon this character and quit the game? (Confirm with "yes".)
Okay, then.
Are you sure you want to abandon this character and quit the game? (Confirm with "yes".)

#######..##########**
#...........# *
#.#####..##.# *
*,*#........########*
*,*#...............##
*,*#........#####...#
*,*#............<..#.
*,*#........#####...#
*,*#@.......# ##...
*,*#>.......# #.##
*,*###...#..# #.#
*,,,,>......#****#.#*
******,..#.#*#..$....
**.##,# #.###.##
***,#*,***,**...,
**,*,**,*,,,,,..#*
**,*,,**,*,*,*..##


There were no monsters in sight!

Vanquished Creatures
  An iguana (D:3)
  2 worker ants
  3 adders
  3 worms (D:2)
  A dart slug (D:2)
  3 orcs (D:3)
  2 giant cockroaches
  5 goblins
  4 hobgoblins
  4 jackals (D:2)
  3 quokkas (D:2)
  A ball python (D:2)
  15 bats
  3 frilled lizards
  3 kobolds
  5 rats
58 creatures vanquished.

Notes
Turn   | Place    | Note
-------+----------+-------------------------------------------
     0 | D:1      | inc the Felid Wizard began the quest for the Orb.
     0 | D:1      | Reached XP level 1. HP: 7/7 MP: 5/5
    21 | D:1      | Reached skill level 1 in Conjurations
   704 | D:1      | Reached XP level 2. HP: 11/11 MP: 4/7
   752 | D:1      | Reached skill level 2 in Conjurations
  1291 | D:2      | Reached XP level 3. HP: 6/14 MP: 0/8
  1766 | D:2      | Reached skill level 3 in Conjurations
  1866 | D:2      | Found a white marble altar of Elyvilon.
  1890 | D:2      | Found a sacrificial altar of Ru.
  2506 | D:2      | Reached XP level 4. HP: 3/18 MP: 0/9
  2853 | D:3      | Noticed lyrx's ghost (amateur SpEn)
  3154 | D:4      | Found a bloodstained altar of Trog.
  3175 | D:3      | Reached skill level 4 in Conjurations
  3722 | D:5      | Entered Level 5 of the Dungeon
  3727 | D:5      | Reached XP level 5. HP: 21/21 MP: 4/10
  3993 | D:5      | Noticed a centaur
  4000 | D:5      | Learned a level 3 spell: Mephitic Cloud
  4008 | D:5      | Shot with an arrow by a centaur
  4009 | D:5      | Reached XP level 4. HP: 0/18 MP: 9/9
  4009 | D:5      | Quit the game

Skill      XL: |  1  2  3  4 |
---------------+-------------+-----
Conjurations   | 1 2 3 4 |  4.7
Dodging        | |  2.6
Stealth        | |  2.6
Spellcasting   | |  3.0
Summonings     | |  1.0
Translocations | |  1.5

Action                   |  1- 3 |  4- 6 || total
-------------------------+-------+-------++-------
Melee: Unarmed           |    38 |    17 ||    55
       Bite              |     3 |     1 ||     4
 Cast: Magic Dart        |   114 |    69 ||   183
  Use: Scroll            |       |     5 ||     5
 Stab: Sleeping          |     1 |     1 ||     2
  Eat: Chunk             |     9 |     3 ||    12
Armor: Skin              |     3 |     4 ||     7
Dodge: Dodged            |    44 |    46 ||    90
